 Dungeon Crawl Stone Soup version 0.28-a0-1616-g050a50673c (webtiles) character file.

Game seed: 5936289860441105948

295 Peloso the Covered (level 6, 0/56 HPs)
             Began as a Minotaur Fighter on Jan 22, 2022.
             Succumbed to an orc's poison
             ... on level 3 of the Dungeon.
             The game lasted 00:03:33 (2227 turns).

Peloso the Covered (Minotaur Fighter)               Turns: 2227, Time: 00:03:34

Health: 0/56       AC:  9    Str: 21    XL:     6   Next: 11%
Magic:  5/5        EV:  9    Int:  5    God:
Gold:   101        SH:  5    Dex: 11    Spells: 5/5 levels left

rFire   . . .      SeeInvis .   a - +0 long sword (vorpal)
rCold   . . .      Faith    .   c - +0 buckler
rNeg    . . .      Spirit   .   b - +0 scale mail
rPois   .          Reflect  .   (helmet restricted)
rElec   .          Harm     .   (no cloak)
rCorr   .          Rampage  .   j - +0 pair of gloves
Will    .....                   m - +0 pair of boots
Stlth   ..........              (no amulet)
HPRegen 0.18/turn               (no ring)
MPRegen 0.09/turn               (no ring)

@: lethally poisoned (0 -> -9), flying
A: horns 2, retaliatory headbutt
a: no special abilities


You were on level 3 of the Dungeon.
You visited 1 branch of the dungeon, and saw 3 of its levels.

You collected 101 gold pieces.

Inventory:

Hand Weapons
 a - a +0 vorpal long sword (weapon)
Armour
 b - a +0 scale mail (worn)
 c - a +0 buckler (worn)
 j - a +0 pair of gloves (worn)
 m - a +0 pair of boots (worn)
Jewellery
 f - a ring of flight
 h - an amulet of magic regeneration
 i - a +4 ring of evasion
Wands
 d - a wand of flame (10)
Scrolls
 e - a scroll of vulnerability {unknown}
 g - a scroll of teleportation
 k - 2 scrolls of amnesia {unknown}
 l - a scroll of identify
 o - a scroll of magic mapping {unknown}
Potions
 n - a potion of flight


   Skills:
 + Level 5.1 Fighting
 + Level 4.5 Long Blades
 + Level 5.1 Armour
 + Level 1.2 Dodging
 + Level 0.8 Stealth
 + Level 4.5 Shields


You had 5 spell levels left.
You didn't know any spells.
Your spell library was empty.

Dungeon Overview and Level Annotations

Branches:
Dungeon (3/15)

Altars:
Elyvilon

Annotations:
D:3 3 runed translucent doors, paps's ghost, amateur OpFi


Innate Abilities, Weirdness & Mutations

You have a pair of horns on your head.
You reflexively headbutt those who attack you in melee.


Message History

You closely miss the orc.
You feel very sick. The orc hits you but does no damage.
The orc hits you with a +1 dagger of venom.
You are more poisoned.
You barely miss the orc. Your headbutt misses the orc.
You feel very sick. The orc hits you but does no damage. x2
You are lethally poisoned!
The orc hits you with a +0 whip.
You slash the orc!
You kill the orc!
* * * LOW HITPOINT WARNING * * *
You feel extremely sick. The orc completely misses you.
Unknown command.
* * * LOW HITPOINT WARNING * * *
You feel very sick. The orc closely misses you.
Things that are here:
a +1 dagger of venom; an orc corpse Unknown command.
You hit the orc.
The orc is almost dead.
* * * LOW HITPOINT WARNING * * *
You feel very sick. The orc hits you but does no damage.
Unknown command.
Okay, then.
It was a potion of flight.
You feel very buoyant.
You fly up into the air.
* * * LOW HITPOINT WARNING * * *
You feel sick. The orc closely misses you.
Okay, then.
Unknown command.
Unknown command.
You hit the orc.
You kill the orc!
You die...

### ..###......# ...
###....# ..... #....#
#....#....# ...#..#....#
......'....# ......'....#
...#..#..)#########
.#....###.@)......#
....._ #.).......# ....#
#.........# ..##
............# ..###
####...........[..#
....###.....###.........#
........### #.........#
........# #.........#
........# #.........#


There were no monsters in sight!

Vanquished Creatures
  Sigmund (D:2)
  Jessica (D:2)
  Terence (D:2)
  3 adders (D:2)
  A worm (D:2)
  A dart slug (D:3)
  5 orcs (D:3)
  3 ball pythons (D:1)
  7 bats
  5 endoplasms
  2 giant cockroaches
  6 goblins
  A hobgoblin (D:1)
  A kobold (D:3)
  2 quokkas
  2 frilled lizards
  6 rats
48 creatures vanquished.

Notes
Turn   | Place    | Note
-------+----------+-------------------------------------------
     0 | D:1      | Peloso the Minotaur Fighter began the quest for the Orb.
     0 | D:1      | Reached XP level 1. HP: 19/19 MP: 0/0
   293 | D:1      | Reached XP level 2. HP: 27/27 MP: 1/1
   941 | D:2      | Noticed Jessica
   949 | D:2      | Killed Jessica
   950 | D:2      | Reached XP level 3. HP: 28/34 MP: 2/2
  1219 | D:2      | Reached XP level 4. HP: 41/41 MP: 3/3
  1428 | D:2      | Noticed Terence
  1438 | D:2      | Killed Terence
  1849 | D:2      | Noticed Sigmund
  1856 | D:2      | Killed Sigmund
  1857 | D:2      | Reached skill level 5 in Fighting
  1857 | D:2      | Reached skill level 5 in Armour
  1857 | D:2      | Reached skill level 1 in Dodging
  1857 | D:2      | Reached XP level 5. HP: 48/48 MP: 4/4
  1857 | D:2      | Reached XP level 6. HP: 56/56 MP: 5/5
  2034 | D:3      | Found a runed translucent gate.
  2034 | D:3      | Found a runed translucent gate.
  2034 | D:3      | Found a runed translucent gate.
  2035 | D:3      | Noticed paps's ghost (amateur OpFi)
  2204 | D:3      | Found a white marble altar of Elyvilon.
  2227 | D:3      | Succumbed to an orc's poison

Illustrated notes

Levels and vault maps discovered:
D:1:      grunt_arrival_crossed_arrows, layout_basic
D:2:      layout_loops_cross, uniq_jessica, uniq_terence, uniq_sigmund
D:3:      layout_rooms, minmay_overflow_temple_hex,
          gammafunk_ghost_nasty_kobolds

Skill      XL: |  1  2  3  4 |
---------------+-------------+-----
Shields        | 4 |  4.5
Fighting       | 4 5 |  5.1
Armour         | 4 5 |  5.1
Long Blades    | 3 4 |  4.5
Dodging        | 1 |  1.2
Stealth        | |  0.8

Action                   |  1- 3 |  4- 6 || total
-------------------------+-------+-------++-------
Melee: Long sword        |    58 |    54 ||   112
       Headbutt          |     7 |     7 ||    14
  Use: Potion            |       |     2 ||     2
       Scroll            |       |     3 ||     3
Armor: Scale mail        |    37 |    33 ||    70
Dodge: Dodged            |    30 |    33 ||    63
Block: Buckler           |    18 |    16 ||    34

Table legend: (Time is in decaauts)
 A = Elapsed time spent in this place.
 B = Non-inter-level travel time spent in this place.
 C = Inter-level travel time spent in this place.
 D = Time resting spent in this place.
 E = Time spent auto-exploring this place.
 F = Levels seen in this place.
 G = Mean time per level.
                   A        B        C        D        E       F      G
               +--------+--------+--------+--------+--------+-----+--------+
         Total |   2257 |   2196 |     61 |      0 |   1757 |   3 |  752.3 |
       Dungeon |   2257 |   2196 |     61 |      0 |   1757 |   3 |  752.3 |
               +--------+--------+--------+--------+--------+-----+--------+

Top non-repeatable levels by time:
     D:2: 1026 daAuts
     D:1: 952 daAuts
     D:3: 279 daAuts
